Map: Disco Bloodbath LE

Players

LiquidTLO (TLO)

  • Race: Zerg Zerg
  • League: Master
  • Spawn Location: 9:00

Cure - Winner!

  • Race: Terran Terran
  • League: Master
  • Spawn Location: 3:00

Event: HomeStory Cup XX

VOD

Have the link to the VOD?

Description

Time

  • Played on: Nov. 21, 2019, 8:19 a.m.
  • Length: 8:12

All games in this series

Show
View Real Time Build Order
Export as new Build Order

LiquidTLO Zerg 

Build Orders: Hatch First 

Get SALT Encoding   

  12  0:00  Drone  
  13  0:12  Overlord  
  13  0:17  Drone  
  14  0:32  Drone x2  
  16  0:48  Hatchery  
  15  0:52  Drone  
  15  0:55  Drone  
  17  0:58  Drone  
  18  1:05  Extractor  
  17  1:15  Spawning Pool  
  17  1:18  Drone  
  17  1:21  Drone  
  18  1:30  Drone  
  19  1:40  Drone  
  20  1:50  Drone  
  21  2:01  Queen x2  
  21  2:03  Zergling x2  
  21  2:04  Metabolic Boost, Zergling x2  
  27  2:11  Drone  
  27  2:14  Overlord  
  28  2:17  Extractor x2  
  28  2:21  Drone  
  28  2:22  Drone  
  30  2:31  Spore Crawler  
  30  2:32  Extractor  
  30  2:33  Drone  
  30  2:34  Drone  
  29  2:42  Spore Crawler  
  29  2:43  Drone  
  31  2:45  Queen  
  31  2:46  Drone  
  34  2:55  Overlord  
  34  2:57  Overlord  
  34  3:08  Extractor, Drone  
  34  3:10  Drone  
  35  3:15  Drone x2  
  35  3:17  Drone  
  35  3:19  Hatchery  
  37  3:24  Roach Warren  
  37  3:25  Drone x2  
  39  3:28  Drone  
  39  3:32  Drone  
  39  3:33  Extractor  
  39  3:40  Drone  
  40  3:42  Zergling x2  
  41  3:52  Drone  
  41  3:54  Zergling x4  
  44  3:57  Zergling x2  
  44  3:58  Zergling x2  
  44  3:59  Drone  
  44  4:02  Overlord  
  47  4:07  Overlord  
  47  4:08  Overlord  
  46  4:10  Overlord  
  46  4:12  Overlord  
  46  4:16  Roach  
  48  4:19  Roach x2  
  48  4:21  Roach  
  54  4:25  Roach  
  54  4:28  Roach  
  54  4:31  Roach  
  59  4:33  Roach  
  61  4:42  Queen  
  61  4:43  Roach  
  61  4:44  Roach  
  67  4:46  Roach  
  67  4:50  Roach  
  71  4:53  Zergling x2  
  71  4:54  Zergling x2  
  71  4:58  Queen  
  75  5:01  Zergling x2  
  75  5:03  Zergling x2  
  75  5:04  Zergling x2  
  78  5:12  Zergling x4  
  78  5:13  Zergling x4  
  82  5:15  Zergling x2  
  82  5:18  Zergling x2  
  84  5:22  Zergling x2, Spore Crawler  
  84  5:27  Zergling x2  
  84  5:28  Zergling x2, Ravager x2  
  87  5:29  Ravager  
  87  5:33  Zergling x2  
  90  5:43  Overlord x2  
  84  5:53  Drone  
  84  5:54  Queen  
  82  5:58  Drone  
  82  6:00  Drone  
  82  6:01  Drone x3  
  82  6:02  Drone x2  
  82  6:03  Drone x2  
  82  6:04  Drone  
  83  6:11  Baneling Nest  
  74  6:14  Zergling x6  
  74  6:15  Zergling x2  
  74  6:18  Spore Crawler  
  77  6:21  Zergling x2  
  77  6:22  Zergling x8  
  77  6:25  Spore Crawler, Pneumatized Carapace  
  82  6:28  Zergling x2  
  82  6:34  Zergling x4  
  82  6:35  Zergling x2  
  82  6:37  Overlord  
  82  6:38  Drone  
  86  6:43  Overlord  
  86  6:45  Overlord  
  83  6:59  Queen, Baneling x6  
  82  7:10  Zergling x4  
  82  7:11  Zergling x2  
  82  7:14  Zergling x10  
  90  7:19  Zergling x2  
  90  7:21  Zergling x4, Baneling  
  89  7:28  Drone x2  
  89  7:29  Drone x2  
  82  7:39  Drone  
  82  7:41  Drone, Evolution Chamber x2  
  82  7:43  Drone  
  82  7:45  Drone  
  82  7:47  Drone  
  82  7:48  Drone  
  82  7:51  Drone  
  86  7:52  Drone x2  
  86  7:54  Drone  
  86  7:56  Extractor x2, Drone  
  88  7:59  Drone  
Show
View Real Time Build Order
Export as new Build Order

Cure Terran - Winner!

Build Orders: Hellion Opening, Reaper Expand 

Get SALT Encoding   

  12  0:00  SCV  
  13  0:13  SCV  
  14  0:17  Supply Depot  
  14  0:25  SCV  
  15  0:38  SCV  
  15  0:39  Barracks  
  16  0:42  Refinery  
  16  0:50  SCV  
  17  1:02  SCV  
  18  1:14  SCV  
  19  1:26  Reaper  
  19  1:27  Orbital Command  
  20  1:38  Command Center  
  20  1:46  Supply Depot  
  20  1:52  SCV  
  21  1:58  Marine  
  22  2:04  SCV  
  23  2:10  Factory  
  23  2:12  Refinery  
  23  2:16  SCV  
  23  2:20  Barracks Reactor  
  24  2:28  SCV  
  25  2:40  SCV  
  26  2:49  Orbital Command  
  26  2:53  SCV  
  26  2:56  Starport  
  27  3:01  Hellion x2  
  27  3:02  Marine  
  27  3:05  SCV  
  33  3:15  SCV  
  33  3:17  SCV  
  35  3:24  Hellion x2, Supply Depot  
  39  3:29  SCV x2  
  41  3:34  Fusion Core  
  41  3:40  Starport Tech Lab  
  42  3:41  SCV x2  
  42  3:46  Hellion, Supply Depot  
  42  3:48  Hellion  
  47  3:53  SCV x2  
  49  4:05  SCV x2  
  51  4:12  Supply Depot  
  51  4:17  SCV x2  
  51  4:18  Supply Depot  
  51  4:21  Battlecruiser  
  59  4:25  Hellion  
  59  4:29  SCV  
  62  4:33  SCV  
  62  4:34  Hellion  
  62  4:37  Supply Depot  
  65  4:41  SCV  
  66  4:45  SCV  
  66  4:49  Command Center  
  66  4:51  Hellion  
  69  4:54  SCV  
  69  4:55  Hellion  
  69  4:57  SCV  
  73  5:02  Refinery x2  
  73  5:06  SCV  
  74  5:10  SCV  
  75  5:20  SCV  
  74  5:22  SCV  
  74  5:23  Factory Tech Lab  
  74  5:25  Battlecruiser  
  74  5:28  Marine x2  
  81  5:30  Supply Depot  
  81  5:31  Supply Depot  
  81  5:36  Barracks, SCV x2  
  83  5:49  Marine x2  
  84  5:51  Siege Tank  
  84  5:53  SCV x2  
  86  6:01  Orbital Command  
  78  6:05  SCV x2  
  78  6:08  Marine x2  
  82  6:15  Weapon Refit  
  82  6:17  Engineering Bay, SCV x2  
  84  6:21  Engineering Bay  
  84  6:26  Barracks  
  84  6:27  Orbital Command  
  84  6:30  SCV x2  
  84  6:32  Marine, Factory Reactor  
  87  6:33  Marine  
  87  6:34  Marine  
  89  6:42  SCV x2  
  89  6:43  Starport Reactor  
  91  6:48  Barracks x2  
  91  6:53  Marine x3  
  94  6:54  SCV x2  
  94  6:58  SCV  
  97  7:02  Supply Depot  
  97  7:03  Supply Depot  
  97  7:06  SCV x2  
  99  7:11  Marine x3  
  103  7:18  Orbital Command, SCV x2  
  103  7:21  Marine  
  95  7:29  Marine x3  
  94  7:30  SCV x2  
  94  7:34  Siege Tank  
  94  7:35  Medivac x2  
  103  7:37  Barracks Reactor x2  
  103  7:39  Armory  
  103  7:42  SCV  
  103  7:43  SCV  
  105  7:45  Marine x2  
  105  7:47  Marine x3, SCV  
  111  7:53  Supply Depot  
  111  7:55  Supply Depot, SCV x2  
  113  7:59  SCV  
Tags
 
Add a new tag
Caveats
  • Supply blocks, unpowered buildings, or Contaminate may cause inaccurate times.
  • Supply counts are checked every 10 seconds.